 Dungeon Crawl Stone Soup version 0.23-a0-607-g760965b753 (webtiles) character file.

3831 Maize the Cleaver (level 9, -9/91 HPs)
             Began as a Minotaur Fighter on Dec 20, 2018.
             Was a Believer of Okawaru.
             Killed from afar by esho's ghost (21 damage)
             ... with a bolt of poison
             ... on level 8 of the Dungeon.
             The game lasted 00:14:35 (7294 turns).

Maize the Cleaver (Minotaur Fighter)                Turns: 7294, Time: 00:14:36

Health: -9/91      AC: 19    Str: 25    XL:     9   Next: 98%
Magic:  9/9        EV:  7    Int:  5    God:    Okawaru [**....]
Gold:   457        SH:  0    Dex:  9    Spells: 8/8 levels left

rFire    + . .     SeeInvis .   a - +0 war axe
rCold    . . .     Gourm    .   (no shield)
rNeg     . . .     Faith    .   F - +0 plate armour
rPois    .         Spirit   .   i - +2 hat
rElec    .         Reflect  .   m - +0 cloak {MR+}
rCorr    .         Harm     .   E - +0 pair of gloves
MR       +....                  (no boots)
Stlth    ..........             (no amulet)
HPRegen  0.25/turn              (no ring)
MPRegen  0.11/turn              (no ring)

@: lethally poisoned (-9 -> -28)
A: retaliatory headbutt, hooves 1, horns 2, blurry vision 1, fire resistance 1,
robust 1
a: Heroism, Renounce Religion


You were on level 8 of the Dungeon.
You worshipped Okawaru.
Okawaru was pleased with you.
You were not hungry.

You visited 2 branches of the dungeon, and saw 9 of its levels.
You also visited: Sewer.

You collected 457 gold pieces.

Inventory:

Hand Weapons
 a - a +0 war axe (weapon)
 D - the +8 long sword of the Wolf {vamp, rPois rF- rC++ rN+, unknown}
   (You found it on level 5 of the Dungeon)

   It inflicts no extra harm, but heals its wielder when it wounds a living foe.
   It makes you vulnerable to fire.
   It greatly protects you from cold.
   It protects you from poison.
   It protects you from negative energy.
Missiles
 A - 8 poisoned tomahawks (quivered)
Armour
 i - a +2 hat (worn)
 m - a +0 cloak of magic resistance (worn)
 E - a +0 pair of gloves (worn)
 F - a +0 plate armour (worn)
Jewellery
 r - a +5 ring of dexterity {unknown}
Wands
 c - a wand of flame (39)
 u - a wand of digging (9)
 B - a wand of acid (13)
 H - a wand of random effects (21)
Scrolls
 e - 2 scrolls of magic mapping {unknown}
 g - 2 scrolls of fear
 h - 2 scrolls of immolation {unknown}
 o - a scroll of silence {unknown}
 p - a scroll of amnesia {unknown}
 x - a scroll of blinking {unknown}
 y - 2 scrolls of teleportation {unknown}
 G - 4 scrolls of remove curse
 I - 2 scrolls of fog {unknown}
Potions
 b - 2 potions of lignification
 d - a potion of might
 j - a potion of mutation
 l - 2 potions of haste
 n - 2 potions of resistance {unknown}
 q - 4 potions of curing
 s - a potion of berserk rage {unknown}
 t - 2 potions of agility {unknown}
 v - 2 potions of cancellation
 w - 2 potions of flight
 z - 2 potions of heal wounds {unknown}
 C - a potion of magic {unknown}
Comestibles
 f - 16 rations
 k - 4 chunks of flesh


   Skills:
 + Level 9.2 Fighting
 * Level 11.9 Axes
 + Level 9.2 Armour
   Level 3.6 Shields
 + Level 2.2 Invocations


You had 8 spell levels left.
You didn't know any spells.
Your spell library was empty.

Dungeon Overview and Level Annotations

Branches:
Dungeon (8/15)             Temple (1/1) D:5
   Lair: D:8-11

Altars:
Ashenzari
Elyvilon
Gozag
Hepliaklqana
Kikubaaqudgha
Nemelex Xobeh
Okawaru
Qazlal
Ru
Sif Muna
Trog
Vehumet
Wu Jian
Yredelemnul
Zin
The Shining One

Shops:
D:5 [

Annotations:
D:8 esho's ghost, novice NaVM


Innate Abilities, Weirdness & Mutations

You reflexively headbutt those who attack you in melee.
You have a pair of horns on your head.
You have large cloven feet.
Scrolls take you a little longer to read.
Your flesh is heat resistant. (rF+)
You are robust. (+10% HP)


Message History

* * * LOW HITPOINT WARNING * * *
You bump into the translucent stone wall.
* * * LOW HITPOINT WARNING * * *
You are more poisoned.
Esho's ghost's toxic aura wanes.
Esho's ghost lets out a mournful wail.
Esho's ghost hits you but does no damage.
Unknown command.
You miss esho's ghost. Your kick misses esho's ghost.
Esho's ghost is moderately damaged.
You feel sick.
Esho's ghost hits you but does no damage.
You barely miss esho's ghost.
Esho's ghost is moderately damaged.
You feel less confused.
You feel sick. Esho's ghost casts a spell at you. The bolt of poison hits you!
You are lethally poisoned!
You die...

#..##⌠##..#)#
#..##...##..)#
#.##.....##..#
#.#⌠.%♣!.⌠#..#
#.##.....##.##
#..##...##..#
#..##.##..##
#...#W#..##
.#.§@..##
#5...####
......# ######


You could see esho's ghost and a crimson imp.

Vanquished Creatures
  Grinder (D:6)
  A spriggan (D:8)
  Eustachio (D:4)
  Duvessa (D:5)
  An orc warrior (D:6)
  A phantom (D:6)
  2 black bears
  2 necrophages
  2 ogres (D:5)
  2 centaurs
  2 big kobolds
  6 bullfrogs
  A gnoll sergeant (D:7)
  A wyvern zombie (D:7)
  A scorpion (D:7)
  Dowan (D:5)
  5 killer bees (D:7)
  7 wights (D:6)
  3 crimson imps
  A centaur skeleton (D:2)
  A jelly (D:6)
  2 orc priests
  5 orc wizards
  Crazy Yiuf (D:2)
  Ijyb (D:4)
  An iguana (D:5)
  Natasha (thrice) (D:4)
  8 worker ants
  Terence (D:3)
  10 gnolls
  A worker ant zombie (D:5)
  2 river rats (Sewer)
  13 adders
  2 shadow imps
  3 oozes
  An adder skeleton (D:4)
  6 worms
  4 leopard geckos
  20 orcs
  2 ball pythons
  6 giant cockroaches
  9 goblins
  9 hobgoblins
  10 jackals
  4 quokkas
  10 bats
  2 frilled lizards
  A jackal skeleton (D:4)
  12 kobolds
  2 leopard gecko skeletons (D:4)
  3 quokka skeletons
  A quokka zombie (D:5)
  14 rats
212 creatures vanquished.

Vanquished Creatures (others)
  5 fungi (D:8)
  A plant (D:8)
  4 toadstools (D:1)
10 creatures vanquished.

Grand Total: 222 creatures vanquished

Notes
Turn   | Place    | Note
-------+----------+-------------------------------------------
     0 | D:1      | Maize the Minotaur Fighter began the quest for the Orb.
     0 | D:1      | Reached XP level 1. HP: 19/19 MP: 0/0
   119 | D:1      | Reached skill level 3 in Axes
   119 | D:1      | Reached XP level 2. HP: 26/27 MP: 1/1
   447 | D:1      | Reached XP level 3. HP: 33/33 MP: 2/2
   779 | D:2      | Found an ancient bone altar of Kikubaaqudgha.
   847 | D:2      | Found a runed door.
   851 | D:2      | Noticed Crazy Yiuf
   853 | D:2      | Killed Crazy Yiuf
   853 | D:2      | Reached skill level 4 in Axes
   909 | D:2      | Reached XP level 4. HP: 33/41 MP: 3/3
  1181 | D:2      | Found a deep blue altar of Sif Muna.
  1312 | D:2      | Reached XP level 5. HP: 29/47 MP: 4/4
  1516 | D:2      | Reached skill level 5 in Axes
  1938 | D:3      | Reached skill level 5 in Fighting
  2019 | D:3      | Reached skill level 5 in Armour
  2020 | D:3      | Noticed Terence
  2031 | D:3      | Killed Terence
  2081 | D:3      | Found an ornate altar of the Wu Jian Council.
  2084 | D:3      | Reached XP level 6. HP: 56/56 MP: 5/5
  2097 | D:3      | Found a hazy altar of Hepliaklqana.
  2097 | D:3      | Found a glowing golden altar of the Shining One.
  2098 | D:3      | Found a sacrificial altar of Ru.
  2168 | D:3      | Found a radiant altar of Vehumet.
  2355 | D:4      | Found a glowing drain.
  2386 | Sewer    | Entered a sewer
  2467 | Sewer    | Reached skill level 6 in Axes
  2510 | Sewer    | Found a white marble altar of Elyvilon.
  2614 | D:4      | Noticed Ijyb
  2632 | D:4      | Killed Ijyb
  3046 | D:4      | Reached XP level 7. HP: 45/62 MP: 6/6
  3124 | D:4      | Noticed Natasha
  3131 | D:4      | Killed Natasha
  3131 | D:4      | Reached skill level 7 in Axes
  3452 | D:4      | Noticed Natasha
  3465 | D:4      | Killed Natasha
  3555 | D:4      | Noticed Natasha
  3577 | D:4      | Noticed Eustachio
  3588 | D:4      | Killed Eustachio
  3623 | D:4      | Killed Natasha
  3639 | D:4      | Found a stormy altar of Qazlal.
  3858 | D:5      | Entered Level 5 of the Dungeon
  3874 | D:5      | Reached skill level 8 in Axes
  4241 | D:5      | Found Julierch's Armour Shoppe.
  4250 | D:5      | Reached XP level 8. HP: 53/71 MP: 7/7
  4367 | D:5      | Got an ichor-stained long sword
  4543 | D:5      | Got a faintly glowing ring mail
  4554 | D:5      | Identified the +2 ring mail of Yredelemnul's Wrath {*Drain
                  | rF++ Int+9 SInv} (You found it on level 5 of the Dungeon)
  4574 | D:5      | Noticed Duvessa
  4575 | D:5      | Noticed Dowan
  4583 | D:5      | Killed Dowan
  4589 | D:5      | Killed Duvessa
  4589 | D:5      | Reached skill level 9 in Axes
  4613 | D:5      | Found a glowing silver altar of Zin.
  4614 | D:5      | Found a shattered altar of Ashenzari.
  4688 | D:5      | Found an opulent altar of Gozag.
  4719 | D:5      | Found a staircase to the Ecumenical Temple.
  4825 | Temple   | Entered the Ecumenical Temple
  4833 | Temple   | Became a worshipper of Warmaster Okawaru
  5293 | D:6      | Reached skill level 10 in Axes
  5506 | D:6      | Reached XP level 9. HP: 81/81 MP: 8/8
  5561 | D:6      | Gained mutation: Scrolls take you a little longer to read.
                  | [potion of mutation]
  5561 | D:6      | Gained mutation: You are robust. (+10% HP) [potion of
                  | mutation]
  5561 | D:6      | Gained mutation: Your flesh is heat resistant. (rF+)
                  | [potion of mutation]
  5561 | D:6      | Gained mutation: You have large cloven feet. [potion of
                  | mutation]
  5629 | D:6      | Noticed Grinder
  5647 | D:6      | Killed Grinder
  5647 | D:6      | Reached * piety under Okawaru
  6002 | D:6      | Found a deep blue altar of Sif Muna.
  6197 | D:7      | Reached skill level 11 in Axes
  6505 | D:7      | Reached skill level 1 in Invocations
  6803 | D:7      | Reached ** piety under Okawaru
  7146 | D:8      | Found a sparkling altar of Nemelex Xobeh.
  7255 | D:8      | Found a runed door.
  7255 | D:8      | Noticed esho's ghost (novice NaVM)
  7294 | D:8      | Killed from afar by esho's ghost

Vault maps used:
D:1:      ldierk_water_garden
D:2:      nicolae_overflow_crystal_walls, kiku_gazebo_pond_becter,
          minmay_between, uniq_crazy_yiuf_cottage
D:3:      old_standard_altar, lemuel_crystal_altar,
          gammafunk_temple_overflow_claw, first_ration, uniq_terence
D:4:      minmay_inner_zag, lemuel_crystal_altar, portal_sewer_entry_a,
          uniq_eustachio, uniq_natasha, uniq_ijyb
D:5:      kennysheep_mini_moat, gammafunk_temple_overflow_pools,
          minmay_temple_entry_grid, serial_shops, nicolae_shop_stone,
          minmay_fractal_squares_diagonal_5, uniq_duvessa
D:6:      basic_altar, uniq_grinder
D:8:      nemelex_xobeh_ov_fountains_minmay, grunt_lair_entry_orc_guard_hut,
          hellmonk_ghost_happy_afterlife, the_bakery,
          hangedman_decor_peaks_small
Temple:   compressed_dpeg_triangle_lava_temple
Sewer:    sewer_kobolds

Skill      XL: |  1  2  3  4  5  6  7  8  9 |
---------------+----------------------------+-----
Axes           | 3 4 5 6 8 10 11 | 11.9
Fighting       | 4 5 6 7 9 |  9.2
Armour         | 4 5 6 7 9 |  9.2
Invocations    | 2 |  2.2
Shields        | |  3.6

Action                   |  1- 3 |  4- 6 |  7- 9 || total
-------------------------+-------+-------+-------++-------
Melee: War axe           |    84 |   166 |   377 ||   627
       Headbutt          |    13 |    41 |    69 ||   123
       Kick              |       |       |    46 ||    46
       Punch             |       |       |     1 ||     1
Invok: Heroism           |       |       |     2 ||     2
  Use: Potion            |       |     1 |     4 ||     5
       Scroll            |       |       |     5 ||     5
  Eat: Chunk             |       |     7 |    14 ||    21
Armor: Scale mail        |    67 |    36 |       ||   103
       Chain mail        |       |    79 |    60 ||   139
       Plate armour      |       |       |   170 ||   170
Dodge: Dodged            |    39 |    87 |   138 ||   264

Table legend:
 A = Non-vault XP
 B = Vault XP
 C = Vault XP percentage of total XP
 D = Non-vault monster count
 E = Vault monster count
 F = Vault count percentage of total count
                 A         B        C        D         E       F
            +---------+---------+-------+---------+---------+-------
      Total |    4100 |    1374 |  25.1 |     172 |      40 |  18.9
            +---------+---------+-------+---------+---------+-------
        D:1 |      49 |       0 |   0.0 |      26 |       0 |   0.0
        D:2 |     213 |      52 |  19.6 |      30 |       6 |  16.7
        D:3 |      56 |      30 |  34.9 |      13 |       1 |   7.1
        D:4 |     293 |     368 |  55.7 |      21 |      12 |  36.4
        D:5 |     538 |     311 |  36.6 |       9 |       8 |  47.1
        D:6 |    1167 |     254 |  17.9 |      31 |       1 |   3.1
        D:7 |    1668 |       0 |   0.0 |      38 |       0 |   0.0
        D:8 |     116 |     220 |  65.5 |       4 |       1 |  20.0
      Sewer |       0 |     139 | 100.0 |       0 |      11 | 100.0
            +---------+---------+-------+---------+---------+-------
